 Dungeon Crawl Stone Soup version 0.31-a0-229-g1fc7ce93e2 (webtiles) character file.

Game seed: 16871816605904746903

814 qw the Shooter (level 7, 0/44 HPs)
             Began as a Gargoyle Hexslinger on July 6, 2023.
             Slain by a two-headed ogre
             ... wielding a +0 giant club
              (27 damage)
             ... on level 5 of the Dungeon.
             The game lasted 00:01:50 (3918 turns).

qw the Shooter (Gargoyle Hexslinger)                Turns: 3918, Time: 00:01:51

Health: 0/44       AC: 12    Str: 11    XL:     7   Next: 93%
Magic:  8/8        EV: 10    Int: 14    God:
Gold:   149        SH:  5    Dex: 14    Spells: 7/8 levels left

rFire   . . .        Y - +1 sling
rCold   + . .        (no shield)
rNeg    + . .        b - +0 ring mail
rPois   inf          n - +0 helmet
rElec   +            (no cloak)
rCorr   .            (no gloves)
SInv    .            g - +0 pair of boots
Will    +....        l - amulet of reflection
Stlth   +            i - ring of willpower
HPRegen 0.27/turn    e - ring of protection from cold
MPRegen 0.11/turn

%: reflection
@: no status effects
A: sickness immunity, AC +4, negative energy resistance 1, electricity
resistance, torment resistance 1, petrification resistance
a: no special abilities


You were on level 5 of the Dungeon.
You visited 1 branch of the dungeon, and saw 5 of its levels.

You collected 198 gold pieces.
You spent 49 gold pieces at shops.


Innate Abilities, Weirdness & Mutations

You are immune to sickness and miasma.
Your stone body is resilient. (AC +4)
You are immune to poison.
You resist negative energy. (rN+)
You are resistant to electric shocks. (rElec)
You are resistant to unholy torment.
You are immune to petrification.


   Skills:
 - Level 4.8 Fighting
 + Level 7.0 Ranged Weapons
 - Level 2.8 Armour
 - Level 1.5 Dodging
 - Level 1.0 Spellcasting
 - Level 2.6 Hexes


You had 7 spell levels left.
You knew the following spells:

 Your Spells              Type           Power      Damage    Failure   Level
a - Slow                  Hex            32%        N/A       21%         1

Your spell library contained the following spells:

 Spells                   Type           Power      Damage    Failure   Level
 Inner Flame              Hex/Fire       4%         N/A       71%         3
 Portal Projectile        Hex/Tloc       8%         N/A       71%         3
 Cause Fear               Hex            4%         N/A       89%         4

Inventory:

Hand Weapons
 Y - a +1 sling (weapon)
Armour
 b - a +0 ring mail (worn)
 g - a +0 pair of boots (worn)
 n - a +0 helmet (worn)
Jewellery
 e - a ring of protection from cold (right hand)
 i - a ring of willpower (left hand)
 l - an amulet of reflection (around neck)
Scrolls
 c - a scroll of identify
 h - 2 scrolls of teleportation
Potions
 a - a potion of mutation {unknown}
 d - 2 potions of curing
 j - a potion of cancellation {unknown}
 m - a potion of heal wounds
 o - a potion of ambrosia {unknown}

Dungeon Overview and Level Annotations

Branches:
Dungeon (5/15)
 Temple: D:4-7

Altars:
Ashenzari
Qazlal
Vehumet
Xom

Shops:
D:3 [


Message History

You shoot a sling bullet.
The sling bullet hits the dart slug but does no damage.
The dart slug is lightly wounded.
You shoot a sling bullet. The sling bullet hits the dart slug.
The dart slug is heavily wounded.
You shoot a sling bullet. The sling bullet hits the dart slug.
The dart slug is almost dead.
You shoot a sling bullet. The sling bullet hits the dart slug.
You kill the dart slug!
A two-headed ogre and an orc come into view.
Found a stone staircase leading down.
The orc shouts!
Enter note:
Enter note:
Enter note:
Enter note: You shoot a sling bullet.
The sling bullet hits the orc.
The orc is almost dead.
You shoot a sling bullet. The sling bullet barely misses the orc.
The orc hits you but does no damage.
You shoot a sling bullet. The sling bullet hits the orc.
You kill the orc!
You shoot a sling bullet.
The sling bullet hits the two-headed ogre.
The two-headed ogre is lightly wounded.
The two-headed ogre hits you with a +0 giant club.
The two-headed ogre hits you but does no damage.
You shoot a sling bullet.
The sling bullet barely misses the two-headed ogre.
You shoot a sling bullet.
The sling bullet hits the two-headed ogre!
The two-headed ogre is lightly wounded.
The two-headed ogre hits you with a +0 giant club!
The two-headed ogre hits you but does no damage.
You shoot a sling bullet.
The sling bullet hits the two-headed ogre!
The two-headed ogre is moderately wounded.
The two-headed ogre hits you with a +0 giant club!!
Ouch! That really hurt!
You die...

.# #.# #......... .. .#
#.###..#######.##..#
.###...............#.. #
....)..................>
.#<#8.8#..##............
.#.#...#..##.####..#..#
.###8.8###............
##~~...~~###.#.##..#..#.
~~~8.8~~~ #....@.......
~~~#+#~~~~#.#.##O......
.# #.~~##... .##..#.
#... .. ... #..##.## .
.### .# #. .# .. .#


You could see a two-headed ogre.

Vanquished Creatures
  Sigmund (D:4)
  Eustachio (D:4)
  An ogre (D:5)
  A phantom (D:5)
  A scorpion (D:4)
  A jelly (D:4)
  A hound (D:4)
  An orc priest (D:4)
  An iguana (D:5)
  A sleepcap (D:4)
  4 adders
  A shadow imp (D:5)
  2 dart slugs
  7 orcs
  9 bats
  15 endoplasms
  4 giant cockroaches
  13 goblins
  9 hobgoblins
  2 jackals (D:3)
  5 kobolds
  A quokka (D:2)
  14 ball pythons
  4 frilled lizards
  4 rats
104 creatures vanquished.

Vanquished Creatures (others)
  A sleepcap (D:5)
1 creature vanquished.

Grand Total: 105 creatures vanquished

Notes
Turn   | Place    | Note
-------+----------+-------------------------------------------
     0 | D:1      | qw the Gargoyle Hexslinger began the quest for the Orb.
     0 | D:1      | Reached XP level 1. HP: 12/12 MP: 2/2
     0 | D:1      | 0 ||| qw: Version: 0.3-a-46-gb1f654a
     0 | D:1      | 0 ||| qw: Game counter: 1638
     0 | D:1      | 0 ||| qw: Melee chars always use a shield: true
     0 | D:1      | 0 ||| qw: God list: Okawaru
     0 | D:1      | 0 ||| qw: Allow faded altars: false
     0 | D:1      | 0 ||| qw: Do Orc after clearing Dungeon:15 true
     0 | D:1      | 0 ||| qw: Do second Lair branch before Depths: true
     0 | D:1      | 0 ||| qw: Lair rune preference: random
     0 | D:1      | 0 ||| qw: Goals: Normal
     0 | D:1      | 0 ||| PLANNING D:1-11
   179 | D:1      | Reached XP level 2. HP: 16/16 MP: 3/3
   252 | D:1      | Reached skill level 3 in Ranged Weapons
   454 | D:1      | Reached XP level 3. HP: 21/21 MP: 4/4
   739 | D:1      | Found a faded altar of an unknown god.
   877 | D:1      | 877 ||| UPGRADING to +0 leather armour.
   887 | D:1      | 887 ||| DROPPING +0 robe.
   888 | D:1      | 888 ||| UPGRADING to ring of willpower.
   889 | D:1      | 889 ||| READING scroll labelled LINAUXK ISHAKH.
   890 | D:1      | 890 ||| READING scroll labelled CEOGUESUE.
   891 | D:1      | 891 ||| READING 2 scrolls labelled UMUSEOROUJ.
   894 | D:1      | 894 ||| DROPPING scroll of poison.
  1067 | D:2      | Reached XP level 4. HP: 26/26 MP: 5/5
  1149 | D:2      | Reached skill level 4 in Ranged Weapons
  1561 | D:2      | 1561 ||| UPGRADING to +0 ring mail.
  1571 | D:2      | 1571 ||| DROPPING +0 leather armour.
  1572 | D:2      | 1572 ||| READING scroll labelled PEPHAO QAOPPA.
  1573 | D:2      | 1573 ||| READING scroll labelled UDYLUNT IZAN.
  1650 | D:3      | Found a radiant altar of Vehumet.
  1686 | D:3      | Reached skill level 1 in Armour
  1695 | D:3      | Found a broken altar of Ashenzari.
  1721 | D:3      | Found Pomom's Armour Boutique.
  1729 | D:3      | 1729 ||| BUYING +0 pair of boots (49 gold).
  1729 | D:3      | Bought a +0 pair of boots for 49 gold pieces
  1729 | D:3      | 1729 ||| SHOPLISTING +2 ring mail of fire resistance (231
                  | gold, have 47).
  1729 | D:3      | 1729 ||| SHOPLISTING +3 leather armour of positive energy
                  | (231 gold, have 47).
  1729 | D:3      | 1729 ||| SHOPLISTING +5 robe of Night {Dark Will+ SInv}
                  | (660 gold, have 47).
  2030 | D:3      | Reached XP level 5. HP: 25/30 MP: 6/6
  2308 | D:3      | 2308 ||| UPGRADING to +1 hat.
  2313 | D:3      | 2313 ||| UPGRADING to +0 pair of boots.
  2318 | D:3      | 2318 ||| UPGRADING to amulet of reflection.
  2323 | D:3      | 2323 ||| READING scroll labelled IMEASK QODANEFY.
  2324 | D:3      | 2324 ||| READING 2 scrolls labelled IROYTR AHELAN.
  2425 | D:3      | 2425 ||| DRINKING 2 cyan potions.
  2426 | D:3      | 2426 ||| DROPPING scroll of silence.
  2484 | D:4      | Reached skill level 5 in Ranged Weapons
  2503 | D:4      | 2503 ||| FLEEEEING.
  2505 | D:4      | 2505 ||| FLEEEEING.
  2507 | D:4      | 2507 ||| STAIRDANCE
  2583 | D:4      | Found a shimmering altar of Xom.
  2626 | D:4      | Reached skill level 3 in Fighting
  2626 | D:4      | Reached XP level 6. HP: 37/37 MP: 7/7
  2865 | D:4      | 2865 ||| Stepping ~*~*~tactically~*~*~ (outnumbered).
  3017 | D:4      | Noticed Eustachio
  3043 | D:4      | 3043 ||| FLEEEEING.
  3045 | D:4      | 3045 ||| FLEEEEING.
  3046 | D:4      | 3046 ||| FLEEEEING.
  3047 | D:4      | 3047 ||| FLEEEEING.
  3048 | D:4      | 3048 ||| FLEEEEING.
  3049 | D:4      | 3049 ||| FLEEEEING.
  3051 | D:4      | 3051 ||| FLEEEEING.
  3052 | D:4      | 3052 ||| FLEEEEING.
  3053 | D:4      | 3053 ||| FLEEEEING.
  3054 | D:4      | 3054 ||| FLEEEEING.
  3055 | D:4      | 3055 ||| FLEEEEING.
  3095 | D:4      | Killed Eustachio
  3096 | D:4      | Reached skill level 6 in Ranged Weapons
  3096 | D:4      | Reached XP level 7. HP: 26/41 MP: 8/8
  3212 | D:4      | Noticed Sigmund
  3234 | D:4      | Killed Sigmund
  3504 | D:4      | 3504 ||| UPGRADING to +0 helmet.
  3514 | D:4      | 3514 ||| DROPPING +1 hat.
  3515 | D:4      | 3515 ||| UPGRADING to ring of protection from cold.
  3516 | D:4      | 3516 ||| DRINKING 2 bubbling black potions.
  3517 | D:4      | 3517 ||| DRINKING 3 amethyst potions.
  3518 | D:4      | 3518 ||| DROPPING potion of brilliance.
  3566 | D:5      | Entered Level 5 of the Dungeon
  3597 | D:5      | Reached skill level 7 in Ranged Weapons
  3621 | D:5      | HP: 3/44 [ogre/+0 giant club (18)]
  3622 | D:5      | 3622 ||| READING 2 scrolls of teleportation.
  3623 | D:5      | 3623 ||| DRINKING 2 potions of heal wounds.
  3853 | D:5      | Found a stormy altar of Qazlal.
  3911 | D:5      | Noticed a two-headed ogre
  3918 | D:5      | Slain by a two-headed ogre

Levels and vault maps discovered:
D:1:      minmay_arrival_four_loops, layout_basic,
          shapermc_ecumenical_altar_mp_highgroup,
          hangedman_decor_clover_reticule
D:2:      minmay_recursive_quarters, layout_rooms, amethyst_killhole,
          nrook_loot_triangle
D:3:      layout_loops_cross, evilmike_ruin_ashenzari,
          mainiacjoe_overflow_alcove_2, serial_shops, shop,
          kennysheep_generic_room_13
D:4:      layout_loops_cross, mainiacjoe_overflow_brackets,
          kennysheep_nondescript, uniq_sigmund, uniq_eustachio
D:5:      layout_basic, nicolae_hepliaklqana_hazy_memory, grunt_qazlal_clouds,
          kennysheep_orc_sif_temple, ebering_ghost_sewer_d

Skill      XL: |  1  2  3  4  5  6  7 |
---------------+----------------------+-----
Ranged Weapons | 3 4 5 6 7 |  7.0
Fighting       | 2 3 4 |  4.8
Armour         | 1 2 |  2.8
Dodging        | |  1.5
Spellcasting   | |  1.0
Hexes          | |  2.6

Action                     |  1- 3 |  4- 6 |  7- 9 || total
---------------------------+-------+-------+-------++-------
   Fire: Sling             |   114 |   263 |   109 ||   486
    Use: Scroll            |     3 |     4 |     1 ||     8
         Potion            |       |     1 |     3 ||     4
 Armour: Robe              |    13 |       |       ||    13
         Leather armour    |    11 |     7 |       ||    18
         Ring mail         |       |   119 |    28 ||   147
  Dodge: Dodged            |    41 |   156 |    27 ||   224
  Block: Other             |       |    48 |    15 ||    63

Table legend:
 A = Non-vault XP
 B = Vault XP
 C = Vault XP percentage of total XP
 D = Non-vault monster count
 E = Vault monster count
 F = Vault count percentage of total count
                 A         B        C        D         E       F
            +---------+---------+-------+---------+---------+-------
      Total |     717 |     447 |  38.4 |      91 |      13 |  12.5
            +---------+---------+-------+---------+---------+-------
        D:1 |      52 |       0 |   0.0 |      31 |       0 |   0.0
        D:2 |      61 |      14 |  18.7 |      20 |       9 |  31.0
        D:3 |      52 |       2 |   3.7 |      16 |       1 |   5.9
        D:4 |     273 |     428 |  61.1 |      18 |       2 |  10.0
        D:5 |     279 |       3 |   1.1 |       6 |       1 |  14.3
            +---------+---------+-------+---------+---------+-------
